 Dungeon Crawl Stone Soup version 0.28.0-49-g6dfe1f597d (webtiles) character file.

Game seed: 6672572988820070935

74 firemarshallily the Chiller (level 4, -5/30 HPs)
             Began as a Merfolk Ice Elementalist on May 12, 2022.
             Was a Believer of Cheibriados.
             Slain by a gnoll
             ... wielding a +0 whip
              (9 damage)
             ... on level 2 of the Dungeon.
             The game lasted 00:08:00 (1963 turns).

firemarshallily the Chiller (MfIE)                  Turns: 1963, Time: 00:08:01

Health: -5/30      AC:  3    Str: 13    XL:     4   Next: 28%
Magic:  3/8        EV: 13    Int: 21    God:    Cheibriados [**....]
Gold:   71         SH:  0    Dex: 19    Spells: 8/9 levels left

rFire   . . .      SeeInvis .   b - +0 spear
rCold   . . .      Faith    .   (no shield)
rNeg    . . .      Spirit   .   a - +0 robe
rPois   .          Reflect  .   (no helmet)
rElec   .          Harm     .   g - +0 cloak
rCorr   .          Rampage  .   (no gloves)
Will    .....                   (no boots)
Stlth   ++........              (no amulet)
HPRegen 0.10/turn               (no ring)
MPRegen 0.11/turn               (no ring)

@: studying Conjurations, very slow
A: (nimble swimmer 2), mertail
a: Renounce Religion, Bend Time


You were on level 2 of the Dungeon.
You worshipped Cheibriados.
Cheibriados was pleased with you.
You visited 1 branch of the dungeon, and saw 3 of its levels.

You collected 71 gold pieces.

Inventory:

Hand Weapons
 b - a +0 spear (weapon)
Missiles
 d - 135 stones
Armour
 a - a +0 robe (worn)
 g - a +0 cloak (worn)
Scrolls
 c - 2 scrolls of vulnerability {unknown}
 h - 2 scrolls of blinking {unknown}
 i - a scroll of identify {unknown}
Potions
 e - 2 potions of curing {unknown}
 f - 2 potions of might {unknown}
 j - 3 potions of attraction {unknown}
 k - 2 potions of lignification {unknown}
 l - a potion of heal wounds {unknown}


   Skills:
 + Level 2.2 Polearms
 - Level 3.0 Dodging
 - Level 2.1 Stealth
 * Level 3.0 Spellcasting
 * Level 5.1 Ice Magic


You had 8 spell levels left.
You knew the following spells:

 Your Spells              Type           Power      Damage    Failure   Level
a - Freeze                Ice            96%        1d11      1%          1

Your spell library contained the following spells:

 Spells                   Type           Power      Damage    Failure   Level
 Frozen Ramparts          Ice            48%        1d6       4%          3
 Ozocubu's Armour         Ice            24%        N/A       4%          3
 Hailstorm                Conj/Ice       13%        3d5       43%         4


Dungeon Overview and Level Annotations

Branches:
Dungeon (3/15)

Altars:
Cheibriados


Innate Abilities, Weirdness & Mutations

((You are very nimble when in or above water. (Stealth+, EV+, Speed+++)))
Your lower body shifts to a powerful aquatic tail in water.


Message History

Press: ? - help, Shift-Dir - straight line, f/p - gnoll
Aim: a gnoll, wielding a +0 flail (heavily wounded)
You freeze the gnoll!
You kill the gnoll!
Cheibriados appreciates the change of pace.
Your Polearms skill increases to level 2!
You have reached level 4!
Casting: Freeze (safe; 1% risk of failure)
Confirm with . or Enter, or press ? or * to list all spells.
Aiming: Freeze (safe; 1% risk of failure)
Press: ? - help, Shift-Dir - straight line, f - gnoll
Aim: a gnoll, wielding a +0 club You freeze the gnoll!
The gnoll is severely wounded.
The gnoll hits you with a +0 club!
Unknown command.
Casting: Freeze (safe; 1% risk of failure)
Confirm with . or Enter, or press ? or * to list all spells.
Aiming: Freeze (safe; 1% risk of failure)
Press: ? - help, Shift-Dir - straight line, f/p - gnoll
Aim: a gnoll, wielding a +0 club (severely wounded)
You freeze the gnoll.
You kill the gnoll!
Cheibriados appreciates the change of pace.
The gnoll hits you with a +0 whip!
* * * LOW HITPOINT WARNING * * *
Your Spellcasting skill increases to level 3!
There is a stone staircase leading up here.
The gnoll closely misses you.
You climb upwards.
There is a stone staircase leading down here.
Casting: Freeze (safe; 1% risk of failure)
Confirm with . or Enter, or press ? or * to list all spells.
Aiming: Freeze (safe; 1% risk of failure)
Press: ? - help, Shift-Dir - straight line, f - gnoll
Aim: a gnoll, wielding a +0 whip You freeze the gnoll!
The gnoll is almost dead.
The gnoll hits you with a +0 whip!
You die...

#............#.##.#
#.####..###.##.##.# #### #.#
#..###.##.##.# #...
#.####..#.#.##.##.###.##
#.##.....#..............
#.##.#..###.........#...
#......## ##............
#.###...###..#.##...#...
#......@g#...#.##..###.. #####
#.........#..#..........
#...#####....)...##..#..#..###..
#................##..#..#..# #.#
#...#####........##.....#..# #.#
##.## #........###.#.##..# #.#
#.######........# #.#.....# #..
#........###.#### #......## ###
#...########.## ######## #


You could see a gnoll.

Vanquished Creatures
  2 gnolls (D:3)
  2 adders (D:2)
  4 ball pythons
  A bat (D:2)
  3 endoplasms
  A giant cockroach (D:1)
  4 goblins
  5 hobgoblins
  A jackal (D:2)
  3 kobolds (D:2)
  3 quokkas
  4 frilled lizards
  2 rats (D:2)
35 creatures vanquished.

Notes
Turn   | Place    | Note
-------+----------+-------------------------------------------
     0 | D:1      | firemarshallily the Merfolk Ice Elementalist began the
                  | quest for the Orb.
     0 | D:1      | Reached XP level 1. HP: 13/13 MP: 3/3
   188 | D:1      | Noticed an eye of devastation
   190 | D:1      | Found a faded altar of an unknown god.
   191 | D:1      | Noticed a golden eye
   191 | D:1      | Noticed a great orb of eyes
   191 | D:1      | Noticed a floating eye
   201 | D:1      | Prayed at the altar of an unknown god.
   201 | D:1      | Became a worshipper of Cheibriados the Contemplative
   201 | D:1      | Reached * piety under Cheibriados
   250 | D:1      | Reached XP level 2. HP: 19/19 MP: 3/5
   568 | D:1      | Reached skill level 1 in Polearms
  1119 | D:2      | Reached XP level 3. HP: 21/24 MP: 1/6
  1376 | D:2      | Reached ** piety under Cheibriados
  1735 | D:2      | Reached skill level 5 in Ice Magic
  1958 | D:3      | Reached XP level 4. HP: 18/30 MP: 5/8
  1963 | D:2      | Slain by a gnoll

Illustrated notes

Levels and vault maps discovered:
D:1:      psy_arrival_basics, layout_loops_corners,
          hellmonk_ecumenical_altar_watching_god, kennysheep_minor_cross
D:2:      layout_loops_ring, minmay_pentomino_z4
D:3:      layout_basic, grunt_temple_overflow_holy_war, elyvilon_altar_1,
          glass_columns_b, minmay_puff

Skill      XL: |  1  2  3  4 |
---------------+-------------+-----
Polearms       | 1 2 |  2.2
Dodging        | 3 |  3.0
Ice Magic      | 5 |  5.1
Spellcasting   | 3 |  3.0
Stealth        | |  2.1

Action                   |  1- 3 |  4- 6 || total
-------------------------+-------+-------++-------
Melee: Spear             |    29 |       ||    29
 Cast: Freeze            |    42 |     3 ||    45
 Stab: Sleeping          |    10 |       ||    10
Armor: Robe              |     7 |       ||     7
Dodge: Dodged            |    16 |     1 ||    17
